[Event "IIFL Wealth  4th Mumbai Junior U-13"]
[Site "Mumbai"]
[Date "2018.12.31"]
[Round "2"]
[White "Pranav Vijay"]
[Black "Nanal Arnav"]
[Result "1-0"]
[ECO "B10"]
[WhiteElo "2265"]
[BlackElo "1456"]
[Annotator "NA"]
[PlyCount "215"]
[EventDate "2018.12.30"]
[EventType "swiss"]
[EventCountry "IND"]
[SourceTitle "playchess.com"]
[Source "ChessBase"]
[SourceQuality "1"]
[TimeControl "40/5400+30:1800+30"]

1. e4 c6 2. Nc3 d5 3. Qe2 {[%emt 0:00:00] B11: Caro-Kann: Two Knights Variation} (3. Nf3 Bg4 4. h3 Bxf3 5. Qxf3 e6 6. Qg3 Ne7 7. d3 Nd7 8. Be2 g6 9. O-O Bg7 10. Kh1 O-O 11. f4 Kh8 12. Bf3 b5 13. a3 a5 {1-0 (69) McShane,L (2672)-Rodshtein,M (2674) Batumi 2018}) 3... d4 4. Nd1 e5 5. g3 Nf6 6. Bg2 {[%emt 0:00:27] LiveBook: 3 Games} Bg4 7. Nf3 $146 ({Predecessor:} 7. f3 Bh5 8. d3 Nbd7 9. Nh3 Bb4+ 10. c3 Bc5 {½-½ (61) Ugrinovsky,A (2212)-Narciso,M (2217) ICCF email 2014}) 7... Nbd7 8. h3 Bh5 9. d3 Be7 10. O-O O-O 11. g4 Bg6 12. Nh4 Ne8 13. Nxg6 fxg6 ({Don't play} 13... hxg6 $6 14. f4 $11) 14. f4 {[%emt 0:00:10] [#]} Nc7 (14... exf4 $1 $17 15. Bxf4 Nc7) 15. f5 $1 g5 (15... a5 $11) 16. Bf3 h6 17. Bd2 a5 18. Qh2 Na6 19. Nf2 Nc7 20. Kg2 Ne8 21. c3 c5 22. Rac1 Nd6 23. Rc2 a4 24. Rfc1 Nb5 25. Be2 b6 26. Nh1 Kh8 27. Ng3 Nf6 28. c4 Nd6 29. Bf3 Nf7 30. Nf1 Qd7 31. Qg3 Rfb8 32. Be1 Qd8 33. Nd2 Ra7 34. Be2 Rd7 35. Rd1 Nh7 36. Nf3 Bf6 37. Rb1 Ra7 38. Bd1 Rba8 39. Rf2 Qe7 40. Bc2 Qd8 41. Bd2 Qe7 42. Rh1 Qd8 43. h4 Qe7 44. Kf1 Kg8 45. Rfh2 Qd6 46. Ke2 Rd8 47. Rb1 Rda8 48. b4 Rb8 49. Rhh1 Qd8 {[%emt 0:01:40] [#]} (49... b5 $11 {remains equal.}) 50. bxc5 (50. hxg5 $1 $16 Bxg5 51. Nxg5 (51. Nxe5 $2 Qd6 $19) 51... Nhxg5 52. Bxg5 Qxg5 53. bxc5) 50... bxc5 (50... gxh4 $11 51. Nxh4 bxc5) 51. Rxb8 Qxb8 52. Rb1 Qd8 53. h5 Nf8 54. Qe1 Nd6 55. Qd1 Qa8 56. Rb6 Nc8 57. Rb5 Nd7 58. a3 Nd6 59. Rb2 Bd8 60. Qb1 Bf6 61. Be1 Kh7 62. Bg3 Ra6 63. Kf2 Ra5 64. Kg2 Ra6 65. Kf2 Ra5 66. Qh1 Ra6 67. Ke2 Ra5 68. Ng1 (68. Qh2 $16) 68... Ra7 69. Nh3 Ra6 70. Qb1 Ra5 71. Nf2 $16 Ra7 72. Nd1 Ra6 73. Be1 Ra7 74. Bd2 Ra6 75. Qa2 Ra7 76. Rb1 Ra6 77. Nb2 Nb6 78. Kf3 Qa7 79. Nd1 Nd7 80. Rb2 Qa8 81. Qb1 Ra7 82. Nf2 Ra6 83. Nh3 Ra7 84. Qc1 Nf7 85. Bb1 Ra6 86. Ba2 Qd8 87. Qe1 Nd6 88. Nf2 Qa8 89. Nd1 Ra7 90. Nf2 Ra6 91. Qc1 Ra7 92. Nh3 Qd8 93. Rb5 Nxb5 94. cxb5 Rb7 95. Qc4 Qb8 96. Qf7 Rxb5 97. Bxg5 Bxg5 98. Nxg5+ hxg5 99. h6 Qf8 100. Qg6+ Kh8 101. hxg7+ Qxg7 102. Qh5+ Qh7 103. Qe8+ Kg7 104. Qxd7+ Kh8 105. Qe8+ Kg7 106. Qe7+ Kh6 107. Qf6+ Qg6 108. Qxg6# 1-0

[Event "IIFL Wealth  4th Mumbai Junior U-13"]
[Site "Mumbai"]
[Date "2018.12.31"]
[Round "2"]
[White "Tyagi, Kushan"]
[Black "Shreyas Ravindra Patil"]
[Result "0-1"]
[ECO "B90"]
[WhiteElo "2042"]
[BlackElo "1110"]
[Annotator "NA"]
[PlyCount "74"]
[EventDate "2018.12.30"]
[EventType "swiss"]
[EventCountry "IND"]
[SourceTitle "playchess.com"]
[Source "ChessBase"]
[SourceQuality "1"]
[TimeControl "40/5400+30:1800+30"]

1. e4 c5 2. Nf3 d6 3. d4 cxd4 4. Nxd4 Nf6 5. Nc3 a6 6. Bc4 e6 7. Bb3 Be7 8. Be3 O-O 9. f3 Nbd7 10. Qd2 Nc5 11. O-O-O {[%emt 0:00:02] B86: Sicilian Scheveningen/Najdorf: 6 Bc4, without early ...b5} b5 (11... Qc7 12. g4 b5 13. g5 Nfd7 14. h4 Nb6 15. g6 b4 16. Nce2 Bd7 17. h5 a5 18. h6 fxg6 19. hxg7 Rf7 20. Nf4 Nxb3+ 21. axb3 a4 22. Nfxe6 axb3 23. Qxb4 Bxe6 24. c3 Nc4 25. Nxb3 Nxe3 {0-1 (25) Ravic,N (2181)-Perunovic,M (2655) Belgrade 2016}) 12. Kb1 Bb7 13. g4 Rc8 14. h4 b4 $146 ({Predecessor:} 14... Nfd7 15. Rdg1 Nxb3 16. axb3 b4 17. Na4 {0-1 (48) Gyuricsek,S (1710)-Batora,M (1951) Slovakia 2018}) 15. Na4 Nxb3 16. axb3 d5 17. h5 dxe4 18. g5 Nd5 19. h6 g6 20. Bf4 Nxf4 21. Qxf4 Bxg5 22. Qe5 Qf6 23. Qxf6 Bxf6 24. Nb6 Rcd8 25. Ne2 exf3 26. Nf4 f2 27. Rhf1 Rxd1+ 28. Rxd1 Be5 29. Nxg6 fxg6 30. Nd7 f1=Q 31. Rxf1 Rxf1+ 32. Ka2 Bd4 33. Nb8 a5 34. c3 bxc3 35. bxc3 Bxc3 36. b4 Bd5+ 37. Ka3 Ra1# 0-1

[Event "IIFL Wealth  4th Mumbai Junior U-13"]
[Site "Mumbai"]
[Date "2018.12.31"]
[Round "2"]
[White "Kadam Om Manish"]
[Black "Singh, Arjun Kumar"]
[Result "1-0"]
[ECO "B43"]
[WhiteElo "1944"]
[BlackElo "1461"]
[Annotator "NA RC"]
[PlyCount "61"]
[EventDate "2018.12.30"]
[EventType "swiss"]
[EventCountry "IND"]
[SourceTitle "playchess.com"]
[Source "ChessBase"]
[SourceQuality "1"]
[TimeControl "40/5400+30:1800+30"]

1. e4 c5 2. Nf3 e6 3. d4 cxd4 4. Nxd4 a6 5. Nc3 Qc7 6. Bd3 Nf6 7. Nb3 {[%emt 0:01:57] B43: Sicilian: Kan Variation: 5 Nc3} (7. f4 Bb4 8. Bd2 Bxc3 9. Bxc3 Qxf4 10. Qe2 Nc6 11. Rf1 Qh4+ 12. g3 Qg4 13. Nxc6 dxc6 14. Rxf6 Qxe2+ 15. Kxe2 gxf6 16. Bxf6 {1-0 (32) Grischuk,A (2766)-Caruana,F (2816) Leuven 2018}) 7... b5 {[%emt 0:04:18] LiveBook: 4 Games} 8. a3 Bb7 9. Be3 Be7 10. f4 d6 11. Qe2 Nbd7 12. O-O O-O 13. Rad1 Nc5 14. Nxc5 dxc5 15. e5 $146 Nd5 16. Nxd5 Bxd5 17. c4 Bxc4 18. Bxc4 bxc4 19. Qxc4 Rab8 20. b4 Rfc8 21. Rc1 Rb5 22. Rc2 Qb6 23. Rfc1 a5 24. bxc5 Bxc5 $2 (24... Rbxc5 $11 {and Black stays safe.} 25. Bxc5 Rxc5 26. Qxc5 (26. Qd4 $2 Rxc2 27. Qxb6 Rxc1+ 28. Kf2 Bc5+ 29. Qxc5 Rxc5 $19) 26... Bxc5+ 27. Rxc5 h6) 25. Kh1 ({Not} 25. Bxc5 Rcxc5 26. Qxc5 Rxc5 $11) 25... h6 $2 (25... g6 {was worth a try.}) 26. a4 Rb4 27. Qe2 Bxe3 28. Rxc8+ Kh7 29. Qd3+ g6 30. Qd7 Rxf4 {[%emt 0:00:42] [#]} 31. Qe8 1-0

[Event "IIFL Wealth  4th Mumbai Junior U-13"]
[Site "Mumbai"]
[Date "2018.12.31"]
[Round "2"]
[White "Zia, Tahsin Tajwar"]
[Black "Swara Lakshmi S Nair"]
[Result "1-0"]
[ECO "D02"]
[WhiteElo "1925"]
[BlackElo "1415"]
[Annotator "NA"]
[PlyCount "89"]
[EventDate "2018.12.30"]
[EventType "swiss"]
[EventCountry "IND"]
[SourceTitle "playchess.com"]
[Source "ChessBase"]
[SourceQuality "1"]
[TimeControl "40/5400+30:1800+30"]

1. d4 d5 2. Nf3 Nf6 3. Bf4 e6 4. e3 c5 5. Nbd2 Nc6 6. c3 cxd4 7. exd4 {[%emt 0:00:13] D02: 1 d4 d5 2 Nf3 sidelines, including 2...Nf6 3 g3 and 2...Nf6 3 Bf4} Nh5 {[%emt 0:00:28] LiveBook: 194 Games} 8. Bg5 (8. Be3 Bd6 9. Bd3 Nf4 10. Bxf4 Bxf4 11. g3 Bd6 12. O-O O-O 13. Re1 Bd7 14. h4 h6 {1-0 (44) Caruana,F (2822)-Aronian,L (2767) chess.com INT 2018}) 8... f6 9. Be3 Bd6 10. Bd3 f5 $146 ({Predecessor:} 10... Nf4 11. Bxf4 Bxf4 12. Qc2 f5 13. O-O O-O 14. Rfe1 Bd7 {0-1 (62) Popov,M (2416)-Kobalia,M (2596) Sochi 2017}) 11. Ne5 Nf6 12. f4 O-O 13. O-O Bd7 14. a4 a5 15. Nb1 Qe7 16. Na3 Rac8 17. Nb5 Bb8 18. h3 Kh8 19. Qf3 g6 20. Rae1 Rfe8 21. g4 Ne4 22. Bxe4 dxe4 23. Qg3 Qg7 24. Kh1 Nxe5 25. fxe5 Bxb5 26. axb5 Bc7 27. c4 b6 28. Rc1 Rf8 29. Bg5 Bd8 30. Bxd8 Rfxd8 31. gxf5 gxf5 32. Qe3 Qe7 33. Rc3 Rg8 34. b3 Rg6 35. c5 Qb7 $2 (35... bxc5 $19 36. dxc5 Qg7) 36. c6 {[%emt 0:00:48] [#]} Qc7 $2 {[%emt 0:00:11] [#]} (36... Qg7 $1 $17 {stays on course.}) 37. Rg1 $1 Rcg8 $2 (37... Rxg1+ $16 38. Qxg1 Qd8) 38. Rcc1 (38. Rxg6 $18 {is the precise move to win.} Rxg6 39. Qf4) 38... R8g7 $2 (38... Kg7 $16 {keeps fighting.}) 39. Rxg6 Rxg6 40. Qf4 Kg7 {[%emt 0:00:00] [#]} 41. d5 $1 exd5 42. Qxf5 Kg8 43. Rf1 Qe7 {[%emt 0:01:26] [#]} 44. c7 Qxc7 45. Qf8# 1-0

[Event "IIFL Wealth  4th Mumbai Junior U-13"]
[Site "Mumbai"]
[Date "2018.12.31"]
[Round "2"]
[White "Savitha Shri B"]
[Black "Abhyuday Santhosh"]
[Result "1-0"]
[ECO "A06"]
[WhiteElo "1894"]
[BlackElo "1409"]
[Annotator "NA"]
[PlyCount "79"]
[EventDate "2018.12.30"]
[EventType "swiss"]
[EventCountry "IND"]
[SourceTitle "playchess.com"]
[Source "ChessBase"]
[SourceQuality "1"]
[TimeControl "40/5400+30:1800+30"]

1. Nf3 d5 2. g3 Nf6 3. Bg2 e6 4. d4 c5 5. O-O Be7 6. b3 O-O 7. Bb2 Nc6 8. Re1 {[%emt 0:03:36] D02: 1 d4 d5 2 Nf3 sidelines, including 2...Nf6 3 g3 and 2...Nf6 3 Bf4} (8. dxc5 Bxc5 9. c4 dxc4 10. Qc1 Bd7 11. Qxc4 Be7 12. e4 Rc8 13. Qe2 Qa5 14. Rd1 Rfd8 15. Nbd2 b5 {1-0 (62) Nakamura,H (2777)-Dominguez Perez,L (2739) Saint Louis 2018}) 8... Ne4 9. Nbd2 Nxd2 $146 ({Predecessor:} 9... Bf6 10. Nxe4 dxe4 11. Nd2 Bxd4 12. c3 e3 13. cxd4 exd2 14. Qxd2 cxd4 15. Bxc6 bxc6 16. Qxd4 Qxd4 17. Bxd4 {1-0 (56) Garcia Almaguer,J (2112)-Ramirez Marin,I (2102) Mexico City 2014}) 10. Qxd2 Bf6 11. Rad1 Qc7 12. c3 cxd4 13. cxd4 b6 14. Rc1 Bb7 15. Ne5 Bxe5 16. dxe5 Qe7 17. e4 d4 18. f4 Rfd8 19. Bf1 Rac8 20. Bc4 Qb4 21. Qf2 d3 22. Bc3 Qc5 23. Qxc5 bxc5 24. Rcd1 d2 (24... Nb4 $142) 25. Re2 Nd4 26. Bxd4 $1 Rxd4 27. Rexd2 ({Much less strong is} 27. Rdxd2 Rcd8 $14) 27... Rcd8 28. Rxd4 cxd4 {[%emt 0:00:50] [#]} 29. Bd3 $1 Rc8 30. Bc4 $11 (30. Kf2 $18) 30... Bxe4 31. Rxd4 Bb1 32. a4 Bg6 33. b4 Bb1 34. b5 Rc7 35. a5 Bc2 36. Be2 Rb7 37. Bf3 f6 38. Rc4 Rb8 39. Rc7 Bd3 40. Rxg7+ 1-0

[Event "IIFL Wealth  4th Mumbai Junior U-13"]
[Site "Mumbai"]
[Date "2018.12.31"]
[Round "2"]
[White "Potawad Anirudhha"]
[Black "Daakshin Arun"]
[Result "0-1"]
[ECO "B90"]
[WhiteElo "1849"]
[BlackElo "1400"]
[Annotator "NA"]
[PlyCount "92"]
[EventDate "2018.12.30"]
[EventType "swiss"]
[EventCountry "IND"]
[SourceTitle "playchess.com"]
[Source "ChessBase"]
[SourceQuality "1"]
[TimeControl "40/5400+30:1800+30"]

1. e4 c5 2. Nf3 d6 3. d4 cxd4 4. Nxd4 Nf6 5. Nc3 a6 6. f3 e5 7. Nb3 Be6 8. Be3 Be7 9. Qd2 Nbd7 10. O-O-O Rc8 {[%emt 0:00:14] B90: Sicilian Najdorf: Unusual White 6th moves, 6 Be3 Ng4 and 6 Be3 e5} 11. g4 b5 12. Kb1 Nb6 13. g5 Nh5 14. Na5 {[%emt 0:09:22] LiveBook: 4 Games} Nc4 15. Nxc4 bxc4 16. Nd5 Bxd5 17. Qxd5 Qc7 $146 ({Predecessor:} 17... O-O 18. Rg1 c3 {1-0 (103) Priyanka,N (2104)-Matviishen,V (2404) Pardubice 2017}) 18. Bh3 Rb8 19. Bg4 g6 20. Bxh5 gxh5 21. f4 Qc8 22. fxe5 Rb5 23. Qd2 (23. exd6 $11 {keeps the balance.} Rxd5 24. Rxd5 Bxd6 25. Rxd6) 23... c3 24. Qd3 (24. Qc1 $17) 24... Rxb2+ 25. Ka1 dxe5 26. Qd5 $2 (26. Rb1) 26... Rb5 27. Qd3 Ba3 $19 28. Rb1 Bb2+ 29. Rxb2 cxb2+ 30. Kb1 O-O 31. Rd1 Qe6 32. h4 Ra5 33. a3 Qe7 34. Ka2 Rb8 35. Rb1 Qe6+ 36. c4 Ra4 37. Qd5 Qxd5 38. exd5 Rxc4 39. Rxb2 Rxb2+ 40. Kxb2 Kf8 41. Kb3 Rxh4 42. Bc5+ Ke8 43. Bd6 Rd4 44. Bxe5 Rxd5 45. Bf4 Rf5 46. Bd2 h4 0-1

[Event "IIFL Wealth  4th Mumbai Junior U-13"]
[Site "Mumbai"]
[Date "2018.12.31"]
[Round "2"]
[White "Krishnan Ritvik"]
[Black "Renganayaki V"]
[Result "1/2-1/2"]
[ECO "B27"]
[WhiteElo "1812"]
[BlackElo "1376"]
[Annotator "NA RC"]
[PlyCount "57"]
[EventDate "2018.12.30"]
[EventType "swiss"]
[EventCountry "IND"]
[SourceTitle "playchess.com"]
[Source "ChessBase"]
[SourceQuality "1"]
[TimeControl "40/5400+30:1800+30"]

1. e4 c5 2. Nf3 g6 3. c3 Bg7 4. d4 cxd4 5. cxd4 d5 6. e5 Bg4 7. h3 Bxf3 8. Qxf3 e6 {[%emt 0:00:15] B27: Sicilian: 2 Nf3, unusual Black 2nd moves} (8... Nc6 9. Bb5 e6 10. Nc3 Qb6 11. Be3 Nge7 12. O-O a6 13. Bxc6+ Nxc6 14. Rab1 O-O 15. Rfd1 Rac8 16. Qe2 {0-1 (40) Gvetadze,S (2289)-Nguyen,T (2321) Riadh 2017}) 9. Nc3 a6 10. Qd1 $146 ({Predecessor:} 10. Qd3 Nc6 11. Be3 Nge7 12. g4 h5 13. Bg2 Qb6 14. Qd2 Qb4 15. Ne2 hxg4 16. hxg4 Rxh1+ 17. Bxh1 Rc8 18. Rc1 Qxd2+ {½-½ (18) Merges,H (1773)-Kohn,M (1739) Heusenstamm 2017}) 10... Ne7 11. Be2 O-O 12. O-O Nbc6 13. Be3 Nf5 14. Qd2 f6 15. exf6 Qxf6 16. Bd3 Nfxd4 17. Bg5 Qf7 18. f4 b5 19. Rae1 $17 Rae8 20. Bb1 Bf6 21. Bh6 Bg7 22. Bg5 Bf6 23. Bh6 Bg7 24. Bg5 Bf6 25. Bh6 Bg7 26. Bg5 Bf6 27. Bh6 Bg7 28. Bg5 Qd7 29. Qd1 1/2-1/2

[Event "IIFL Wealth  4th Mumbai Junior U-13"]
[Site "Mumbai"]
[Date "2018.12.31"]
[Round "2"]
[White "Barde Om"]
[Black "Vaval Aaditi"]
[Result "1/2-1/2"]
[ECO "C50"]
[WhiteElo "1801"]
[BlackElo "1367"]
[Annotator "NA"]
[PlyCount "110"]
[EventDate "2018.12.30"]
[EventType "swiss"]
[EventCountry "IND"]
[SourceTitle "playchess.com"]
[Source "ChessBase"]
[SourceQuality "1"]
[TimeControl "40/5400+30:1800+30"]

1. e4 e5 2. Nf3 Nc6 3. Bc4 Bc5 4. d3 Nf6 5. c3 O-O 6. O-O d6 7. Bg5 h6 8. Bh4 a6 {[%emt 0:04:34] C54: Giuoco Piano: 4 c3 Nf6, main lines with 5 d4 and 5 d3} 9. Bb3 Ba7 (9... g5 10. Bg3 Ba7 11. Nbd2 Kg7 12. Nc4 Ne7 13. Re1 Nh5 14. d4 f6 15. Ne3 Qe8 16. Qd3 Bd7 17. Rad1 Ng6 18. Nf5+ {½-½ (30) Ponomariov,R (2686)-Rodshtein,M (2678) Linares 2018}) 10. h3 g5 11. Bg3 Ne7 $146 ({Predecessor:} 11... Nh5 12. Kh1 Kg7 13. Nh2 Nxg3+ 14. fxg3 f5 15. Nd2 f4 16. gxf4 gxf4 {0-1 (36) Romanov,L (2066)-Kireev,V (2214) ICCF email 2016}) 12. Nbd2 Ng6 13. Bh2 ({Better is} 13. Nc4 $14) 13... Bd7 14. Qc2 (14. Bg3 $11) 14... c5 15. d4 (15. Nc4 $11 {keeps the balance.}) 15... cxd4 16. cxd4 Rc8 17. Qd3 (17. Qd1 $15) 17... Bb5 18. Bc4 {[%emt 0:00:27] [#]} (18. Qb1 $17) 18... Bxc4 $2 (18... Rxc4 $1 $19 19. Nxc4 d5 20. Nfxe5 (20. exd5 $2 e4 $19) 20... Nxe5 21. Bxe5 Bxc4) 19. Nxc4 {[%emt 0:00:07] [#]} b5 $2 (19... d5 $1 $17 {[%cal Rd5c4] stays on course.} 20. Ncxe5 dxe4) 20. Ne3 Bb8 21. Nf5 Kh7 22. Qe3 Nh5 23. Rfd1 Qf6 24. Rd2 Ngf4 25. Rad1 Ng7 26. Nxg7 Kxg7 27. dxe5 dxe5 28. Bxf4 gxf4 29. Qe2 Rc4 30. g3 fxg3 31. fxg3 Qg6 32. Qg2 Rxe4 33. Nh4 Qb6+ 34. Kh1 Rc4 35. Nf5+ Kh7 36. Qe2 Qc6+ 37. Kh2 Qg6 38. Rf1 Rg8 39. Qf2 e4 40. Qe3 Qe6 $15 41. Rg2 Rg6 42. b3 Rc8 43. Nd4 Qd5 44. Rf5 Qb7 45. Ne2 Rd8 46. Nf4 Rg5 47. Rxg5 hxg5 48. Ne2 Kg6 49. Qc3 f6 50. Qc2 Rd3 51. Nc1 Rd7 52. Ne2 Rd3 53. Nc1 Rd7 54. Ne2 Rd3 55. Nc1 Rd7 1/2-1/2

[Event "IIFL Wealth  4th Mumbai Junior U-13"]
[Site "Mumbai"]
[Date "2018.12.31"]
[Round "2"]
[White "Garv Rai"]
[Black "Jadhav Jyotiraditya"]
[Result "1-0"]
[ECO "D00"]
[WhiteElo "1772"]
[BlackElo "1358"]
[Annotator "NA"]
[PlyCount "91"]
[EventDate "2018.12.30"]
[EventType "swiss"]
[EventCountry "IND"]
[SourceTitle "playchess.com"]
[Source "ChessBase"]
[SourceQuality "1"]
[TimeControl "40/5400+30:1800+30"]

1. d4 d5 2. Bf4 Nf6 3. e3 e6 4. Nd2 Bd6 5. Bg3 O-O 6. Bd3 b6 7. Qe2 Bb7 8. Ngf3 c6 9. Ne5 Qc7 10. f4 c5 11. c3 Nc6 12. a3 a5 13. Bh4 Be7 14. O-O Ne8 15. Bxe7 Qxe7 16. Rf3 f5 17. Rh3 Nf6 18. Ndf3 c4 19. Bc2 a4 20. Ng5 g6 21. Rf1 Kg7 22. Qe1 h6 23. Ngf3 Ng4 24. Rg3 Ncxe5 25. dxe5 h5 26. Nd4 Nh6 27. Qd1 h4 28. Rgf3 Nf7 29. R3f2 Rh8 30. Bxa4 h3 31. g3 Nh6 32. Bc2 Ng4 33. Re2 Bc8 34. Qe1 Qc5 35. Nf3 Bd7 36. Qd2 b5 37. Qd4 Qc6 38. Rd1 Rhc8 39. e4 fxe4 40. Bxe4 Rc7 41. Bb1 Rh8 42. Ng5 Bc8 43. Rf1 Rh5 44. Bc2 Rd7 45. Rd2 Rc7 46. Bd1 1-0

[Event "IIFL Wealth  4th Mumbai Junior U-13"]
[Site "Mumbai"]
[Date "2018.12.31"]
[Round "2"]
[White "Devesh Anand Naik"]
[Black "Khairmode Aditya"]
[Result "1-0"]
[ECO "C43"]
[WhiteElo "1763"]
[BlackElo "1337"]
[Annotator "NA RC"]
[PlyCount "90"]
[EventDate "2018.12.30"]
[EventType "swiss"]
[EventCountry "IND"]
[SourceTitle "playchess.com"]
[Source "ChessBase"]
[SourceQuality "1"]
[TimeControl "40/5400+30:1800+30"]

1. e4 e5 2. Nf3 Nf6 3. d4 Nxe4 4. Bd3 d5 5. dxe5 Nc6 6. Qe2 Bf5 7. Nbd2 Nxd2 8. Bxd2 Qd7 9. Bb5 Bc5 10. Be3 Bxe3 11. Qxe3 a6 12. Bxc6 Qxc6 13. Nd4 Qg6 14. O-O O-O 15. Rfe1 Rfe8 16. Qb3 c6 17. Nxf5 Qxf5 18. Qxb7 Qxc2 19. Rac1 Qd2 20. Qxc6 Qxb2 21. Qxd5 Rad8 22. Qb3 Qxb3 23. axb3 Rd3 24. Ra1 Rxb3 25. Rxa6 g6 26. g3 Kg7 27. Ra7 Rb6 28. f4 Rbe6 29. Rd1 R8e7 30. Rdd7 Rxd7 31. Rxd7 g5 32. Kf2 gxf4 33. gxf4 Rh6 34. Kg3 Rg6+ 35. Kf3 Rh6 36. f5 Kf8 37. Rd2 Ke7 38. Kg4 f6 39. e6 Ke8 40. h4 Ke7 41. h5 Ke8 42. Rd7 Kf8 43. Rd8+ Ke7 44. Ra8 Kd6 45. Ra7 Kd5 1-0

[Event "IIFL Wealth  4th Mumbai Junior U-13"]
[Site "Mumbai"]
[Date "2018.12.31"]
[Round "2"]
[White "Ananmay Sharma"]
[Black "Aggarwal Vansh"]
[Result "1-0"]
[ECO "D00"]
[WhiteElo "1749"]
[BlackElo "1328"]
[Annotator "NA RC"]
[PlyCount "75"]
[EventDate "2018.12.30"]
[EventType "swiss"]
[EventCountry "IND"]
[SourceTitle "playchess.com"]
[Source "ChessBase"]
[SourceQuality "1"]
[TimeControl "40/5400+30:1800+30"]

1. d4 d5 2. Bf4 c5 3. e3 cxd4 4. exd4 Nc6 5. c3 Bf5 6. Nd2 e6 7. Ngf3 Bd6 8. Bg3 Bxg3 9. hxg3 Nf6 10. Be2 h6 11. O-O Qb6 12. Qb3 Qxb3 13. axb3 O-O 14. Ra3 Ne4 15. b4 a6 16. Rfa1 Rac8 17. b5 axb5 18. Bxb5 f6 19. Nxe4 Bxe4 20. Nd2 Bf5 21. Nb3 e5 22. dxe5 fxe5 23. Nc5 Rc7 24. Nxb7 Nd4 25. cxd4 Rxb7 26. Bc6 Rxb2 27. Bxd5+ Kh7 28. dxe5 Rb5 29. Ra5 Rb2 30. Re1 Re8 31. e6 Re7 32. Bc4 Bg6 33. Rd5 Rb6 34. Rd7 Rxd7 35. exd7 Rd6 36. Be6 h5 37. Rc1 Be4 38. Rc8 1-0

[Event "IIFL Wealth  4th Mumbai Junior U-13"]
[Site "Mumbai"]
[Date "2018.12.31"]
[Round "2"]
[White "Arhan Chethan Anand"]
[Black "Anurag Panigrahi"]
[Result "1/2-1/2"]
[ECO "D32"]
[WhiteElo "1710"]
[BlackElo "1315"]
[Annotator "NA RC"]
[PlyCount "115"]
[EventDate "2018.12.30"]
[EventType "swiss"]
[EventCountry "IND"]
[SourceTitle "playchess.com"]
[Source "ChessBase"]
[SourceQuality "1"]
[TimeControl "40/5400+30:1800+30"]

1. d4 d5 2. c4 e6 3. Nc3 c5 4. cxd5 exd5 5. Nf3 Nf6 6. Bg5 cxd4 7. Nxd4 Nc6 8. e3 Be7 9. Be2 O-O 10. O-O h6 11. Bh4 Nxd4 12. Qxd4 Bf5 13. Bf3 Qd7 14. Rfd1 Rfd8 15. Rac1 Ne4 16. Nxd5 Bxh4 17. Bxe4 Bxe4 18. Qxe4 Qe6 19. Qxe6 fxe6 20. Nc3 Bf6 21. g3 Bxc3 22. Rxd8+ Rxd8 23. Rxc3 Rd2 24. Rb3 b6 25. Ra3 Rxb2 26. Rxa7 Kh7 27. a4 Kg6 28. a5 bxa5 29. Rxa5 Kf6 30. Kg2 Rc2 31. g4 Rb2 32. Kg3 Rc2 33. h4 Rb2 34. f3 Rb4 35. e4 g5 36. e5+ Kg6 37. h5+ Kf7 38. Ra7+ Kg8 39. Re7 Rb6 40. Kf2 Rb2+ 41. Ke3 Rb3+ 42. Ke4 Rb4+ 43. Kd3 Rb3+ 44. Kd4 Rxf3 45. Rxe6 Rf4+ 46. Kd5 Rxg4 47. Rxh6 Kf7 48. Rh7+ Kf8 49. h6 Rg1 50. Ke6 Kg8 51. Rg7+ Kf8 52. Kf6 g4 53. h7 Rf1+ 54. Kg6 Rh1 55. Rg8+ Ke7 56. h8=Q Rh2 57. Qh7+ Rxh7 58. Rh8 1/2-1/2

[Event "IIFL Wealth  4th Mumbai Junior U-13"]
[Site "Mumbai"]
[Date "2018.12.31"]
[Round "2"]
[White "Pawar, Harshit"]
[Black "Sohanganesh Uddhav Nikam"]
[Result "1-0"]
[ECO "C47"]
[WhiteElo "1671"]
[BlackElo "1299"]
[Annotator "NA RC"]
[PlyCount "68"]
[EventDate "2018.12.30"]
[EventType "swiss"]
[EventCountry "IND"]
[SourceTitle "playchess.com"]
[Source "ChessBase"]
[SourceQuality "1"]
[TimeControl "40/5400+30:1800+30"]

1. e4 e5 2. Nf3 Nc6 3. Nc3 Nf6 4. d4 exd4 5. Nd5 h6 6. Bf4 d6 7. Bb5 a6 8. Bxc6+ bxc6 9. Nxf6+ Qxf6 10. Bg3 d3 11. c3 a5 12. O-O Ba6 13. Re1 Qd8 14. e5 Be7 15. exd6 cxd6 16. Nd4 Qd7 17. Bxd6 Qxd6 18. Nf5 Qf6 19. Nxe7 Qxe7 20. Qf3 Rc8 21. c4 Bxc4 22. Rxe7+ Kxe7 23. Qe4+ Be6 24. Qxd3 c5 25. Qc3 f6 26. Qxa5 Rhd8 27. Re1 Kf7 28. h4 Bc4 29. b3 Be6 30. Qa7+ Rd7 31. Qa6 Re8 32. Qc6 Rd5 33. Kh2 Rf5 34. Rxe6 Rxe6 1-0

[Event "IIFL Wealth  4th Mumbai Junior U-13"]
[Site "Mumbai"]
[Date "2018.12.31"]
[Round "2"]
[White "Mahajan Ayush"]
[Black "Vivaan Vijay Saraogi"]
[Result "0-1"]
[ECO "B01"]
[WhiteElo "1629"]
[BlackElo "1290"]
[Annotator "NA"]
[PlyCount "80"]
[EventDate "2018.12.30"]
[EventType "swiss"]
[EventCountry "IND"]
[SourceTitle "playchess.com"]
[Source "ChessBase"]
[SourceQuality "1"]
[TimeControl "40/5400+30:1800+30"]

1. e4 d5 2. exd5 Nf6 3. d4 Bg4 4. f3 Bf5 5. g4 Bg6 6. c4 e6 7. g5 Nh5 8. f4 Be4 9. Qxh5 Bxh1 10. dxe6 g6 11. exf7+ Kxf7 12. Qd1 Bb4+ 13. Nc3 Re8+ 14. Be2 Nc6 15. d5 Ne7 16. Qd3 Nf5 17. Bd2 Qd6 18. O-O-O Bxc3 19. Qxc3 b5 20. c5 Qa6 21. Qb3 Nd4 22. Qd3 Qa4 23. Be1 Be4 24. Qc3 b4 25. Qc4 Nxe2+ 26. Nxe2 Bf3 27. d6+ Re6 28. Nc3 Qc6 29. Nb5 Bxd1 30. Nxc7 Bg4 31. Nxa8 Qxa8 32. c6 Be2 33. Qd5 Bb5 34. Qxb5 Rxe1+ 35. Kd2 Qe8 36. Qd3 Rg1 37. Qd5+ Qe6 38. Qxe6+ Kxe6 39. d7 Ke7 40. c7 Kxd7 0-1

[Event "IIFL Wealth  4th Mumbai Junior U-13"]
[Site "Mumbai"]
[Date "2018.12.31"]
[Round "2"]
[White "Akshit Jha"]
[Black "Vishal Shewale"]
[Result "1-0"]
[ECO "B54"]
[WhiteElo "1604"]
[BlackElo "1287"]
[Annotator "NA RC"]
[PlyCount "67"]
[EventDate "2018.12.30"]
[EventType "swiss"]
[EventCountry "IND"]
[SourceTitle "playchess.com"]
[Source "ChessBase"]
[SourceQuality "1"]
[TimeControl "40/5400+30:1800+30"]

1. e4 c5 2. Nf3 d6 3. d4 cxd4 4. Nxd4 Nf6 5. f3 a6 6. c4 e6 7. Nc3 Nc6 8. Be3 Be7 9. Be2 Qc7 10. O-O Ne5 11. Rc1 Bd7 12. b3 Bc6 13. Qd2 h5 14. Nd5 Bxd5 15. cxd5 Qd7 16. dxe6 fxe6 17. f4 Neg4 18. Bxg4 Nxg4 19. f5 exf5 20. exf5 O-O 21. Ne6 Rfc8 22. Bd4 Bf6 23. Rcd1 Rc6 24. h3 Ne5 25. Qe2 Qf7 26. Nf4 h4 27. Bxe5 Bxe5 28. Ng6 Qf6 29. Qh5 Rac8 30. Rfe1 R6c7 31. Re4 Rc1 32. Rxh4 Rxd1+ 33. Qxd1 Rd8 34. Qd5+ 1-0